 Dungeon Crawl Stone Soup version 0.24-a0-779-g36f0aeb843 (webtiles) character file.

Game seed: 4742049249579984717, levelgen mode: deterministic

410 Amen the Cudgeler (level 6, -12/37 HPs)
             Began as a Gargoyle Fighter on Oct 8, 2019.
             Mangled by an ogre
             ... wielding a +0 giant spiked club
              (17 damage)
             ... while paralysed by Grinder
             ... on level 4 of the Dungeon.
             The game lasted 00:05:10 (3424 turns).

Amen the Cudgeler (Gargoyle Fighter)                Turns: 3424, Time: 00:05:11

Health: -12/37     AC: 12    Str: 21    XL:     6   Next: 89%
Magic:  0/6        EV:  2    Int:  9    God:
Gold:   165        SH:  0    Dex:  9    Spells: 5/5 levels left

rFire    . . .     SeeInvis .   a - +0 flail
rCold    . . .     Gourm    .   c - +0 shield
rNeg     + . .     Faith    .   b - +0 scale mail
rPois    ∞         Spirit   +   (no helmet)
rElec    +         Reflect  .   (no cloak)
rCorr    .         Harm     .   e - +0 pair of gloves
MR       .....                  (no boots)
Stlth    ..........             o - amulet of guardian spirit
HPRegen  0.12/turn              (no ring)
MPRegen  0.10/turn              (no ring)

@: paralysed
A: negative energy resistance 1, electricity resistance, unbreathing,
petrification resistance, rot immunity, AC +4
a: no special abilities


You were on level 4 of the Dungeon.
You were not hungry.

You visited 1 branch of the dungeon, and saw 4 of its levels.

You collected 165 gold pieces.

Inventory:

Hand Weapons
 a - a +0 flail (weapon)
 p - a +2 dagger of draining
Armour
 b - a +0 scale mail (worn)
 c - a +0 shield (worn)
 e - a +0 pair of gloves (worn)
Jewellery
 o - an amulet of guardian spirit (around neck)
Scrolls
 h - 8 scrolls of identify {unknown}
 j - a scroll of remove curse {unknown}
 k - 2 scrolls of teleportation {unknown}
 n - a scroll of amnesia {unknown}
 r - a scroll of enchant weapon {unknown}
Potions
 d - a potion of might
 g - a potion of lignification {unknown}
 i - a potion of agility {unknown}
 l - 2 potions of haste {unknown}
 q - a potion of heal wounds {unknown}
Comestibles
 f - 5 rations


   Skills:
 - Level 3.4 Fighting
 + Level 7.0 Maces & Flails
 - Level 3.3 Armour
 - Level 3.4 Shields


You had 5 spell levels left.
You didn't know any spells.
Your spell library contained the following spells:

 Spells                   Type           Power        Failure   Level  Hunger
 Beastly Appendage        Tmut           #.....       99%         1    ##.....
 Sticks to Snakes         Tmut           #.......     100%        2    ###....
 Spider Form              Tmut/Pois      #.........   100%        3    ####...
 Ice Form                 Ice/Tmut       #.......     100%        4    #####..
 Blade Hands              Tmut           #.........   100%        5    ######.


Dungeon Overview and Level Annotations

Branches:
Dungeon (4/15)
 Temple: D:4-7

Altars:
Cheibriados
Fedhas
Gozag
Hepliaklqana
Yredelemnul

Annotations:
D:4 Grinder


Innate Abilities, Weirdness & Mutations

You are resistant to torment.
Your stone body is resilient. (AC +4)
You are immune to poison.
You resist negative energy. (rN+)
You are resistant to electric shocks. (rElec)
You can survive without breathing.
You are immune to petrification.
You are immune to rotting.


Message History

The orc wizard moves out of view.
The orc priest moves out of view.
Found 14 gold pieces.
Found a stone staircase leading up.
An orc comes into view. It is wielding a +0 mace.
The orc priest looks encouraged for a moment.
Grinder comes into view.
The orc throws a boomerang.
You block the boomerang.
The weapon returns to the orc!
Grinder shouts!
You hear a shout!
An orc comes into view. It is wielding a +0 hand axe.
Grinder gestures at you.
You suddenly lose the ability to move!
The orc priest invokes the aid of Beogh against you.
Beogh smites you!
* * * LOW HITPOINT WARNING * * *
Found a leather armour.
The ogre completely misses you.
The orc throws a boomerang.
The boomerang hits you but does no damage.
The weapon returns to the orc!
The ogre hits you with a +0 giant spiked club!!
You die...

# #.# ....... #.#.# [......
##.#.## .o.o... #.....#
...o... #..#..# .$5.o.
#..#..# <..o.#######..#..#
+#+###..........#†.#
....>..@O.......#..#
#.#.#####.##########.#[...#
#.#.#......#.......#.###.##
#.#.#......#.#####.#.###.##
#.#.#......#.#####.........#
#.#........+.......#.#######
#.......)..#.#####.#.#
#................(....
#............#####.#.##


You could see Grinder, an ogre, an orc priest, an orc wizard and 3 orcs.

Vanquished Creatures
  2 hounds (D:4)
  An orc priest (D:3)
  Jessica (D:3)
  3 orc wizards
  10 adders
  2 oozes (D:1)
  3 worms
  6 dart slugs
  5 leopard geckos
  6 orcs
  2 ball pythons (D:1)
  4 giant cockroaches
  8 hobgoblins
  2 jackals (D:3)
  10 bats
  10 frilled lizards
  10 goblins
  6 kobolds
  8 rats
99 creatures vanquished.

Notes
Turn   | Place    | Note
-------+----------+-------------------------------------------
     0 | D:1      | Amen the Gargoyle Fighter began the quest for the Orb.
     0 | D:1      | Reached XP level 1. HP: 14/14 MP: 1/1
    81 | D:1      | Reached XP level 2. HP: 17/19 MP: 2/2
   170 | D:1      | Reached skill level 3 in Maces & Flails
   181 | D:1      | Reached XP level 3. HP: 18/23 MP: 3/3
  1080 | D:3      | Reached skill level 4 in Maces & Flails
  1080 | D:3      | Reached XP level 4. HP: 23/28 MP: 4/4
  1261 | D:2      | Found a blossoming altar of Fedhas.
  1262 | D:2      | Found a hazy altar of Hepliaklqana.
  1283 | D:2      | Found an opulent altar of Gozag.
  1286 | D:2      | Found a snail-covered altar of Cheibriados.
  1760 | D:2      | Reached XP level 5. HP: 30/32 MP: 5/5
  2191 | D:2      | Reached skill level 5 in Maces & Flails
  2335 | D:3      | Noticed Jessica
  2342 | D:3      | Killed Jessica
  2403 | D:3      | Found a basalt altar of Yredelemnul.
  2619 | D:3      | Noticed a two-headed ogre
  2673 | D:3      | Reached XP level 6. HP: 30/37 MP: 6/6
  2677 | D:3      | Reached skill level 6 in Maces & Flails
  3322 | D:4      | Reached skill level 7 in Maces & Flails
  3421 | D:4      | Noticed Grinder
  3422 | D:4      | Paralysed by Grinder for 3 turns
  3424 | D:4      | Mangled by an ogre

Levels and vault maps discovered:
D:1:      erik_arrival_cave_to_civilisation [erik_arrival_cave_to_hall],
          layout_basic
D:2:      minmay_chambers_of_ones, layout_basic,
          grunt_temple_overflow_cloverleaf, minmay_lizard_king
D:3:      layout_basic, lemuel_crystal_altar, eino_curves_04,
          lightli_corner_chamber, uniq_jessica
D:4:      wad_pebble_path, layout_basic, first_ration, minmay_misc_feat_doors,
          uniq_menkaure, uniq_grinder

Skill      XL: |  1  2  3  4  5  6 |
---------------+-------------------+-----
Maces & Flails | 3 4 5 7 |  7.0
Fighting       | |  3.4
Armour         | |  3.3
Shields        | |  3.4

Action                   |  1- 3 |  4- 6 || total
-------------------------+-------+-------++-------
Melee: Flail             |   132 |   188 ||   320
       Dagger            |       |    65 ||    65
  Use: Potion            |       |     1 ||     1
  Eat: Chunk             |     1 |     8 ||     9
Armor: Scale mail        |    91 |   147 ||   238
Dodge: Dodged            |    54 |    79 ||   133
Block: Shield            |    80 |   136 ||   216

Table legend:
 A = Non-vault XP
 B = Vault XP
 C = Vault XP percentage of total XP
 D = Non-vault monster count
 E = Vault monster count
 F = Vault count percentage of total count
                 A         B        C        D         E       F
            +---------+---------+-------+---------+---------+-------
      Total |     525 |      61 |  10.4 |      86 |      13 |  13.1
            +---------+---------+-------+---------+---------+-------
        D:1 |      51 |       0 |   0.0 |      25 |       0 |   0.0
        D:2 |      80 |      24 |  23.1 |      22 |      12 |  35.3
        D:3 |     233 |      37 |  13.7 |      30 |       1 |   3.2
        D:4 |     161 |       0 |   0.0 |       9 |       0 |   0.0
            +---------+---------+-------+---------+---------+-------
